 Dungeon Crawl Stone Soup version 0.14-a0-1719-ga7e7698 (webtiles) character file.

362008 zkyp the Eclecticist (level 22, -11/127 HPs)
             Began as an Octopode Venom Mage on Jan 1, 2014.
             Was the Champion of Vehumet.
             Mangled by a dwarven dire flail of holy wrath (14 damage)
             ... on Level 3 of the Vaults.
             The game lasted 04:21:37 (92707 turns).

zkyp the Eclecticist (Octopode Venom Mage)         Turns: 92707, Time: 04:21:37

HP -11/127       AC  8     Str 10      XL: 22   Next: 75%
MP   0/51        EV 17     Int 33      God: Vehumet [******]
Gold 2077        SH 11     Dex 12      Spells: 12 memorised,  3 levels left

rFire  . . .     SeeInvis +     b - +5,+7 quick blade (elec)
rCold  + + .     Clarity  .     R - +1 elf buckler
rNeg   + + .     Conserve .     T - +2 wizard hat
rPois  +         rCorr    .     e - amulet of guardian spirit
rElec  +         rRot     .     m - ring of see invisible
SustAb . .       Spirit   +     i - ring of Grenipej {rPois rN+}
rMut   .         Warding  .     l - ring of magical power
Saprov . . .     Stasis   .     I - ring of the Forgotten Nights {+Fly MR}
                                j - ring of Otoug {Wiz rElec rC+ rN+}
                                F - +5 ring of protection
                                L - +3 ring of intelligence
                                n - +5 ring of intelligence

@: hasted, very quick, extremely resistant to hostile enchantments, quite
stealthy
A: almost no armour, amphibious, 8 rings, constrict 8, repulsion field 1,
camouflage 1, blurry vision 1, cold resistance 1, fast metabolism 1, magic
resistance 1, gelatinous body 1
a: Renounce Religion, Evoke Flight
}: 1/15 runes: gossamer


You were on level 3 of the Vaults.
You worshipped Vehumet.
Vehumet was exalted by your worship.
You were hungry.

You visited 7 branches of the dungeon, and saw 43 of its levels.
You also visited: Ossuary, Bailey and Wizlab.

You collected 6123 gold pieces.
You spent 4046 gold pieces at shops.

Inventory:

Hand weapons
 b - a +5,+7 quick blade of electrocution (weapon)
 M - the +12,+10 sword of Jihad {holy, *Rage rN+ MR EV+3 Stlth-}
   (You found it on level 5 of the Crypt)

   It has been blessed by the Shining One to cause great damage to the undead
   and demons.
   It affects your evasion (+3).
   It protects you from negative energy.
   It affects your resistance to hostile enchantments.
   It makes you angry.
   It makes you much less stealthy.
Armour
 R - a +1 elven buckler (worn)
 T - a +2 wizard hat (worn)
Magical devices
 d - a wand of hasting (4)
 g - a wand of lightning (5)
 s - a wand of disintegration (7)
 w - a wand of digging (15)
 A - a wand of teleportation (4)
Comestibles
 c - 4 bread rations
 O - a royal jelly
 Y - a lemon
Scrolls
 k - 9 scrolls of identify
 r - 2 scrolls of teleportation
 u - 6 scrolls of remove curse
 v - a scroll of magic mapping
 J - a scroll of silence
 K - a scroll of vulnerability
 Z - a scroll of recharging
Jewellery
 e - an amulet of guardian spirit (around mantle)
 i - the ring of Grenipej (right tentacle) {rPois rN+}
   (You bought it in a shop on level 1 of the Elven Halls)

   [ring of positive energy]

   It protects you from poison.
 j - the ring of Otoug (on tentacle) {Wiz rElec rC+ rN+}
   (You bought it in a shop on level 4 of the Orcish Mines)

   [ring of wizardry]

   It protects you from cold.
   It insulates you from electricity.
   It protects you from negative energy.
 l - a ring of magical power (on tentacle)
 m - a ring of see invisible (left tentacle)
 n - a +5 ring of intelligence (on tentacle)
 C - an uncursed ring of protection from fire
 F - a +5 ring of protection (on tentacle)
 G - a +4 ring of protection
 I - the ring of the Forgotten Nights (on tentacle) {+Fly MR}
   (You took it off a deep elf fighter on level 3 of the Elven Halls)

   [ring of protection from magic]

   It lets you fly.
 L - a +3 ring of intelligence (on tentacle)
 P - an uncursed ring of protection from magic
Potions
 h - 2 potions of restore abilities
 o - 8 potions of curing
 q - a potion of speed
 t - 2 potions of resistance
 x - 2 potions of brilliance
 z - a potion of berserk rage
 E - a potion of magic
 U - 3 potions of agility
Books
 p - a book of Maledictions

   Spells                             Type                      Level
   Corona                             Hexes                        1
   Sure Blade                         Hexes/Charms                 2
   Ensorcelled Hibernation            Hexes/Ice                    2
   Confuse                            Hexes                        3
   Enslavement                        Hexes                        4
   Invisibility                       Hexes                        6
 y - a Grand Grimoire {highlevel}

   This book is beyond your current level of understanding.

   Spells                             Type                      Level
   Demonic Horde                      Summoning                    6
   Mass Abjuration                    Summoning                    6
   Haunt                              Necromancy/Summoning         7
   Summon Greater Demon               Summoning                    7
   Malign Gateway                     Summoning/Translocation      7
   Summon Horrible Things             Summoning                    8
 D - a book of Flames

   Spells                             Type                      Level
   Flame Tongue                       Conjuration/Fire             1
   Throw Flame                        Conjuration/Fire             2
   Conjure Flame                      Conjuration/Fire             3
   Inner Flame                        Hexes/Fire                   3
   Sticky Flame                       Conjuration/Fire             4
   *Fireball                          Conjuration/Fire             5
 H - a book of Death

   Spells                             Type                      Level
   Corpse Rot                         Necromancy                   2
   Sublimation of Blood               Necromancy                   2
   Agony                              Necromancy                   5
   Dispel Undead                      Necromancy                   5
   Excruciating Wounds                Charms/Necromancy            5
   Bolt of Draining                   Conjuration/Necromancy       5
 S - a book of Conjurations

   Spells                             Type                      Level
   Magic Dart                         Conjuration                  1
   Searing Ray                        Conjuration                  2
   Dazzling Spray                     Conjuration/Hexes            3
   Iskenderun's Mystic Blast          Conjuration                  4
   Iskenderun's Battlesphere          Conjuration/Charms           4
   Fulminant Prism                    Conjuration/Hexes            5
 V - a Grand Grimoire {highlevel}

   This book is beyond your current level of understanding.

   Spells                             Type                      Level
   Demonic Horde                      Summoning                    6
   Mass Abjuration                    Summoning                    6
   Haunt                              Necromancy/Summoning         7
   Summon Greater Demon               Summoning                    7
   Malign Gateway                     Summoning/Translocation      7
   Summon Horrible Things             Summoning                    8
 W - a Young Poisoner's Handbook

   Spells                             Type                      Level
   Sting                              Conjuration/Poison           1
   *Cure Poison                       Poison                       2
   Mephitic Cloud                     Conjuration/Poison/Air       3
   Olgreb's Toxic Radiance            Poison                       4
   Venom Bolt                         Conjuration/Poison           5
 X - a book of Air

   Spells                             Type                      Level
   Shock                              Conjuration/Air              1
   Swiftness                          Charms/Air                   2
   *Repel Missiles                    Charms/Air                   2
   Flight                             Charms/Air                   3
   Static Discharge                   Conjuration/Air              3
   Lightning Bolt                     Conjuration/Air              5
Magical staves
 a - an uncursed staff of fire


   Skills:
 + Level 4.5 Fighting
 - Level 5.8 Short Blades
 - Level 6.3 Dodging
 - Level 2.6 Stealth
 - Level 5.1 Shields
 - Level 20.2 Spellcasting
 - Level 18.4 Conjurations
 - Level 4.7 Translocations
 - Level 19.5 Fire Magic
 - Level 5.4 Air Magic
 - Level 8.1 Earth Magic
 - Level 10.1 Poison Magic


You had 3 spell levels left.
You knew the following spells:

 Your Spells              Type           Power        Failure   Level  Hunger
a - Delayed Fireball      Conj/Fire      N/A          1%          7    ##.....
b - Blink                 Tloc           N/A          1%          2    None
c - Iron Shot             Conj/Erth      #######...   1%          6    None
q - Cure Poison           Pois           #######...   1%          2    None
s - Repel Missiles        Chrm/Air       ######....   1%          2    None
v - Ignite Poison         Fire/Trmt      #######...   1%          5    None
w - Freezing Cloud        Conj/Ice/Air   ######....   1%          6    None
x - Bolt of Fire          Conj/Fire      ########..   1%          6    None
z - Poison Arrow          Conj/Pois      #######...   1%          6    None
C - Orb of Destruction    Conj           ########..   1%          7    ##.....
W - Fire Storm            Conj/Fire      ########..   3%          9    ######.
X - Fireball              Conj/Fire      ########..   0%          5    None


Dungeon Overview and Level Annotations

Branches:
Dungeon (15/16)            Temple (0/1) D:6             Orc (4/4) D:9
    Elf (3/3) Orc:3          Lair (8/8) D:10         Shoals (0/5) Lair:6
 Spider (5/5) Lair:3        Slime (0/6) Lair:8       Vaults (3/5) D:15
  Crypt (5/5) Vaults:2       Tomb (0/3) Crypt:3
  Blade: Vaults:3-4

Altars:
Ashenzari
Elyvilon
Kikubaaqudgha
Okawaru
Sif Muna
Trog
Vehumet
Xom
Yredelemnul
Zin
Beogh

Shops:
D:10 %   D:12 }[   D:14 !   D:15 =   Orc:3 *   Orc:4 =((/   Elf:1 =   Elf:2 :*
Vaults:1 %   Vaults:2 *

Portals:
Trove: Vaults:1 (give +3 gold dragon armour)

Annotations:
D:5 Piginabag's ghost, average DsMo
Vaults:2 1 exclusion, Wiglaf


Innate Abilities, Weirdness & Mutations

You cannot wear most types of armour.
You are amphibious.
You can wear up to eight rings at the same time.
You can use your tentacles to constrict many enemies at once.
Your skin changes colour to match your surroundings (Stlth).
Your rubbery body absorbs attacks (AC +1).
You are surrounded by a mild repulsion field (EV +2).
Your vision is a little blurry.
Your flesh is cold resistant.
You have a fast metabolism.
You are resistant to hostile enchantments.


Message History

* * * LOW HITPOINT WARNING * * *
Drink which item? (? for menu, Esc to quit)
You feel much better.
The glowing dwarven dire flail hits you!
* * * LOW HITPOINT WARNING * * *
Read which item? (? for menu, Esc to quit)
Okay, then.
Press: ? - help, v - describe, . - travel
Here: a glowing dwarven dire flail (almost destroyed)
The floor.
Unknown command.
Unknown command.
Drink which item? (? for menu, Esc to quit)
Okay, then.
Read which item? (? for menu, Esc to quit)
Okay, then.
Drink which item? (? for menu, Esc to quit)
You feel yourself speed up.
The glowing dwarven dire flail hits you!
You die...

#...#.......#..'###'##
#...#.).....####..'.##
#...#....(..##.#..####
#...#.......###'#'#..#
#...#.......'...#.'..#
#...#.......#...###..'
############...##################
.................................
.........@.....(@................
#####'####################'####..
#§.§..# ##########.......##.[
#.§.#...# #.......##.......##..
#§v§ ...# #.......##.......##..
#v#. .#.# #.......##%......##..
#... ...# #.......##.......##.. '
.. .. # #....%..##.......##..
##.. ..# #......%##.......##..


You could see a vault sentinel and a dwarven dire flail of holy wrath.

Vanquished Creatures
  An ancient lich (Crypt:5)
  Saint Roka (Vaults:2)
  Boris (Crypt:1)
  Margery (Crypt:2)
  Norris (Elf:3)
  3 bone dragons
  Nikola (Elf:3)
  Arachne (Spider:2)
  2 deep elf blademasters (Elf:3)
  A Cloud Mage (WizLab)
  4 deep elf master archers (Elf:3)
  A Shadow Fiend (Elf:3)
  3 liches (Crypt:5)
  5 ancient champions
  A sphinx (Crypt:3)
  5 revenants
  4 ghouls
  3 ghost moths (Spider:5)
  5 vault wardens
  9 deep elf sorcerers (Elf:3)
  Louise (Spider:3)
  3 curse skulls
  6 emperor scorpions
  A reaper (Crypt:3)
  6 vampire knights
  7 deep elf demonologists (Elf:3)
  9 eidola
  12 deep elf annihilators (Elf:3)
  An ettin (Vaults:2)
  11 jiangshi
  A mummy priest (Crypt:3)
  A fire dragon (Vaults:3)
  4 yaktaur captains
  An ironheart preserver (Vaults:2)
  9 deep elf death magi
  6 deep elf high priests
  Fannar (Orc:4)
  2 great orbs of eyes
  Josephine (D:15)
  A ravenous item mimic (Crypt:4)
  An ice dragon (Vaults:1)
  Nessos (Orc:4)
  18 hydras
  A deep troll shaman (Lair:8)
  4 ogre magi
  4 deep dwarf death knights
  16 centaur warriors
  11 death yaks
  7 plague shamblers
  A dancing weapon (Vaults:3)
  A dryad (shapeshifter) (Vaults:2)
  7 vampire magi
  3 very ugly things
  8 orc high priests (Orc:4)
  5 hell knights (Crypt:2)
  An iron troll (Orc:4)
  Nergalle (D:11)
  3 spectral elves (Elf:3)
  7 iron golems
  A fire crab (Vaults:3)
  3 shadow wraiths
  A catoblepas (Lair:8)
  9 deep elf knights
  61 skeletal warriors
  6 unseen horrors
  3 storm dragon skeletons
  Erolcha (Orc:4)
  9 hill giants
  3 giant amoebae
  5 flayed ghosts
  5 flaming corpses
  A lindwurm (Lair:8)
  A sea snake (shapeshifter) (D:15)
  Pikel (D:4)
  A harpy (Vaults:3)
  7 orc knights
  Joseph (D:9)
  4 griffons
  6 necromancers
  A sphinx zombie (Vaults:2)
  2 orc sorcerers
  26 wolf spiders
  17 deep elf conjurers
  A shadow dragon skeleton (Crypt:3)
  A spectral ettin (Crypt:3)
  19 phantasmal warriors
  A red wasp (shapeshifter) (Vaults:1)
  4 ironbrand convokers
  7 cyclopes
  A draconian (shapeshifter) (Elf:3)
  3 stone giant zombies
  A moth of wrath (Spider:5)
  A sphinx skeleton (D:15)
  9 fire giant skeletons (Crypt:5)
  3 spiny worms
  3 red wasps
  A sixfirhy (Elf:3)
  3 stone giant skeletons
  8 deep elf summoners
  A guardian serpent (shapeshifter) (Vaults:2)
  5 elephants
  A satyr zombie (Crypt:2)
  6 vault sentinels
  A guardian serpent (D:12)
  3 octopodes (D:14)
  11 spiny frogs
  2 black mambas
  Psyche (D:12)
  10 vapours (WizLab)
  3 feature mimics
  3 ancient bear zombies (Crypt:5)
  15 yaktaurs
  A yaktaur (shapeshifter) (Vaults:2)
  5 fire drakes
  8 guardian mummies (Crypt:3)
  2 iron troll zombies (Crypt:1)
  2 ancient bear skeletons
  A silent spectre (Crypt:1)
  11 deep elf priests
  11 trolls
  12 orb spiders
  9 demonic crawlers
  5 hydra zombies
  A moth of wrath zombie (Crypt:2)
  17 jumping spiders
  A polar bear (Lair:8)
  6 two-headed ogres
  22 blink frogs
  Prince Ribbit (D:9)
  10 komodo dragons
  4 boulder beetles
  A catoblepas skeleton (Crypt:2)
  A minotaur skeleton (Crypt:2)
  2 hydra skeletons
  A guardian serpent zombie (Crypt:3)
  15 flying skulls
  26 slime creatures
  A giant amoeba zombie (Crypt:3)
  An ettin zombie (Crypt:5)
  A formicid (Spider:4)
  2 formicids (shapeshifter)
  A fire giant simulacrum (Vaults:2)
  2 grizzly bears
  A griffon zombie (Crypt:1)
  2 basilisks
  29 trapdoor spiders
  40 redbacks
  24 tarantellas
  5 fire dragon skeletons
  10 vampires
  27 yaks
  A dryad skeleton (Crypt:5)
  A griffon skeleton (D:13)
  22 sharks
  10 shadows
  73 ugly things
  20 air elementals (WizLab)
  24 wraiths
  28 deep elf magi
  3 wyverns
  A spectral yaktaur (Crypt:4)
  25 deep elf fighters
  Eustachio (D:8)
  A water nymph zombie (Crypt:4)
  10 hippogriffs
  2 hill giant zombies
  2 water elementals (D:14)
  2 hill giant skeletons
  3 manticores
  12 vampire mosquitoes
  5 hungry ghosts
  Edmund (D:5)
  A faun zombie (Crypt:3)
  A harpy simulacrum (Vaults:1)
  8 swamp worms (Spider:4)
  A faun skeleton (Crypt:4)
  8 necrophages
  11 porcupines
  6 wolves
  5 mottled dragons
  4 ice beasts
  3 sky beasts
  A snapping turtle zombie (Crypt:4)
  27 orc warriors
  16 giant goldfish
  18 ogres
  4 freezing wraiths
  A dryad simulacrum (Crypt:2)
  3 yellow wasps (Spider:5)
  10 crocodiles
  2 boring beetles
  4 phantoms
  2 big kobolds
  A rotting devil (Elf:3)
  20 centaurs
  2 slaves (D:4)
  An ugly thing zombie (Crypt:2)
  Sigmund (D:5)
  8 lost souls
  Duvessa (D:9)
  15 giant frogs
  6 wargs
  2 brain worms (Spider:4)
  A fire drake zombie (Crypt:3)
  7 giant slugs
  A yaktaur zombie (Crypt:2)
  Blork the orc (D:5)
  2 cyclops zombies
  8 agate snails
  12 water moccasins
  An earth elemental (Vaults:2)
  A gnoll sergeant (D:9)
  3 yaktaur skeletons
  6 insubstantial wisps (WizLab)
  A cyclops skeleton (D:14)
  A wyvern skeleton (D:14)
  2 troll zombies
  A boulder beetle zombie (Vaults:2)
  A yak zombie (D:13)
  2 eyes of draining
  8 killer bees
  A polar bear skeleton (Crypt:2)
  A troll skeleton (D:8)
  12 electric eels
  16 jellyfish
  A grizzly bear skeleton (Crypt:4)
  2 goliath beetles (Lair:3)
  25 wights
  Dowan (D:9)
  A boring beetle zombie (Crypt:5)
  6 crimson imps
  A quasit (D:12)
  2 centaur zombies
  A giant frog zombie (D:12)
  A two-headed ogre skeleton (D:13)
  10 big fish
  7 jellies
  40 orc wizards
  16 spiders
  11 hounds
  39 orc priests
  A giant frog skeleton (D:12)
  A water moccasin skeleton (D:10)
  7 iguanas
  13 scorpions
  An orange rat (Elf:3)
  A shapeshifter simulacrum (D:15)
  15 worker ants
  2 boulder beetle simulacra
  A cyclops simulacrum (D:15)
  A deep dwarf zombie (Crypt:3)
  3 halflings (D:2)
  A brain worm zombie (Crypt:2)
  A demonspawn zombie (Crypt:1)
  31 sheep
  Jessica (D:2)
  A killer bee zombie (D:8)
  2 big kobold zombies
  2 big kobold skeletons
  A demigod zombie (Crypt:2)
  A basilisk simulacrum (D:15)
  A crocodile skeleton (Crypt:1)
  A mottled dragon skeleton (D:15)
  8 mummies
  12 gnolls
  A lemure (Elf:3)
  A swamp drake skeleton (Crypt:3)
  16 adders
  96 green rats
  A worker ant zombie (D:10)
  6 giant mites
  15 giant centipedes
  14 worms
  A giant centipede zombie (D:9)
  A scorpion zombie (D:10)
  2 giant eyeballs
  4 oozes (D:8)
  168 orcs
  3 giant cockroaches
  28 hobgoblins
  24 jackals
  44 kobolds
  16 quokkas
  16 bats
  5 giant geckos
  3 giant newts
  A giant spore (D:13)
  37 goblins
  A goblin skeleton (D:4)
  A grey rat skeleton (Crypt:4)
  2 kobold skeletons
  A quokka skeleton (D:7)
  A quokka zombie (Crypt:1)
  31 rats
  7 plants
2210 creatures vanquished.

Vanquished Creatures (others)
  A deep elf sorcerer (Elf:3)
  A spectral elf (Elf:3)
  An unseen horror (D:10)
  A griffon (Lair:8)
  An elephant (Lair:8)
  A spiny frog (Lair:2)
  23 fire vortices
  A slime creature (D:12)
  A deep elf fighter (Elf:3)
  A shadow (D:14)
  2 yaks
  A shark (Lair:4)
  A vampire mosquito (Lair:4)
  A hippogriff (Lair:5)
  A wolf (Lair:8)
  2 porcupines
  A phantom (D:8)
  A giant goldfish (Lair:1)
  An ogre (Vaults:2)
  A centaur (D:6)
  2 crocodiles (Lair:1)
  A water moccasin (Lair:2)
  2 giant frogs (Lair:7)
  A lost soul (Crypt:5)
  A crimson imp (D:6)
  2 orc priests
  A big fish (Lair:4)
  2 hounds
  An iguana (Lair:1)
  An orange rat (Elf:1)
  2 scorpions
  2 worker ants
  3 sheep
  A big kobold zombie (Ossuary)
  2 mummies (Ossuary)
  11 green rats
  An inept item mimic (D:10)
  An ooze (D:8)
  7 orcs
  3 goblins
  A jackal (D:2)
  3 quokkas
  A giant newt skeleton (D:4)
  A goblin zombie (D:4)
  A bush (D:2)
  15 fungi
  31 plants
144 creatures vanquished.

Grand Total: 2354 creatures vanquished

Notes
Turn   | Place    | Note
--------------------------------------------------------------
     0 | D:1      | zkyp, the Octopode Venom Mage, began the quest for the Orb.
     0 | D:1      | Reached XP level 1. HP: 11/11 MP: 3/3
   216 | D:1      | Reached skill level 5 in Poison Magic
   420 | D:1      | Reached XP level 2. HP: 17/17 MP: 0/4
   646 | D:1      | Reached skill level 6 in Poison Magic
   646 | D:1      | Reached XP level 3. HP: 13/21 MP: 1/6
  1336 | D:2      | Noticed Jessica
  1344 | D:2      | Killed Jessica
  1360 | D:1      | Learned a level 2 spell: Cure Poison
  1364 | D:1      | Learned a level 3 spell: Mephitic Cloud
  1615 | D:2      | Reached XP level 4. HP: 27/27 MP: 5/7
  2278 | D:2      | Reached skill level 7 in Poison Magic
  2721 | D:2      | Reached XP level 5. HP: 27/31 MP: 2/9
  2982 | D:2      | Reached skill level 8 in Poison Magic
  3642 | D:3      | Learned a level 2 spell: Blink
  3924 | D:3      | Reached XP level 6. HP: 19/36 MP: 0/11
  4053 | D:3      | Reached skill level 1 in Air Magic
  4284 | D:3      | Found a radiant altar of Vehumet.
  4289 | D:3      | Identified Vehumet's Incunabulum of Conjuration
  4294 | D:3      | Found an ancient bone altar of Kikubaaqudgha.
  4298 | D:3      | Identified Kikubaaqudgha's Compendium of Forking Paths
  4302 | D:3      | Found a deep blue altar of Sif Muna.
  4309 | D:3      | Identified Sif Muna's Incunabulum of Darkness
  4322 | D:3      | Became a worshipper of Vehumet
  4549 | D:3      | Learned a level 2 spell: Repel Missiles
  5136 | D:4      | Noticed Pikel
  5158 | D:4      | Killed Pikel
  5158 | D:4      | Reached XP level 7. HP: 41/41 MP: 0/18
  5549 | D:4      | Found a white marble altar of Elyvilon.
  5638 | D:5      | Entered Level 5 of the Dungeon
  5672 | D:5      | Reached XP level 8. HP: 39/46 MP: 15/19
  5738 | D:5      | Noticed Piginabag's ghost (average DsMo)
  5772 | D:5      | Reached skill level 5 in Spellcasting
  5800 | D:5      | Reached skill level 5 in Air Magic
  6009 | D:5      | Noticed Blork the orc
  6009 | D:5      | Paralysed by a giant eyeball for 2 turns
  6046 | D:5      | Killed Blork the orc
  6217 | D:5      | Gained mutation: Your vision is a little blurry. [potion of mutation]
  6217 | D:5      | Gained mutation: You are surrounded by a mild repulsion field (EV +2). [potion of mutation]
  6217 | D:5      | Gained mutation: You can spit poison. [potion of mutation]
  6232 | D:5      | Reached skill level 1 in Translocations
  6283 | D:5      | Noticed Sigmund
  6300 | D:5      | Killed Sigmund
  6443 | D:5      | Found a bloodstained altar of Trog.
  6444 | D:5      | Found a shattered altar of Ashenzari.
  6556 | D:5      | Acquired Vehumet's first power
  6556 | D:5      | Offered knowledge of Shock by Vehumet.
  6596 | D:5      | Learned a level 1 spell: Shock
  6660 | D:5      | Noticed Edmund
  6681 | D:5      | Killed Edmund
  7088 | D:6      | Reached XP level 9. HP: 51/51 MP: 22/22
  7097 | D:6      | Reached skill level 1 in Conjurations
  7163 | D:6      | Found a sand-covered staircase.
  7171 | Ossuary  | Entered an ossuary
  7777 | D:6      | Found a staircase to the Ecumenical Temple.
  7920 | D:6      | Got a jewelled longbow
  8136 | D:6      | Reached skill level 5 in Conjurations
  8143 | D:6      | Learned a level 5 spell: Venom Bolt
  8205 | D:7      | Offered knowledge of Throw Frost by Vehumet.
  9139 | D:8      | Noticed Eustachio
  9166 | D:8      | Killed Eustachio
  9433 | D:8      | Offered knowledge of Stone Arrow by Vehumet.
  9433 | D:8      | Reached skill level 9 in Poison Magic
  9585 | D:8      | Reached XP level 10. HP: 46/56 MP: 13/23
  9678 | D:8      | Acquired Vehumet's second power
  9987 | D:8      | Found a basalt altar of Yredelemnul.
 10356 | D:8      | Reached skill level 10 in Poison Magic
 10499 | D:8      | Offered knowledge of Dazzling Spray by Vehumet.
 11025 | D:9      | Found a glowing silver altar of Zin.
 11027 | D:9      | Noticed an angel
 11028 | D:9      | Noticed Duvessa
 11028 | D:9      | Noticed Dowan
 11045 | D:9      | Killed Duvessa
 11045 | D:9      | Killed Dowan
 11127 | D:9      | Found a shimmering altar of Xom.
 11236 | D:9      | Acquired Vehumet's third power
 11397 | D:9      | Noticed Joseph
 11404 | D:9      | Killed Joseph
 11533 | D:9      | Offered knowledge of Sticky Flame by Vehumet.
 11627 | D:9      | Noticed Prince Ribbit
 11632 | D:9      | Killed Prince Ribbit
 11934 | D:9      | Found a staircase to the Orcish Mines.
 12449 | D:9      | Identified the +9,+5 longbow of Makhleb's Whim {velocity, rF+ rC+} (You found it on level 6 of the Dungeon)
 12535 | D:10     | Entered Level 10 of the Dungeon
 12752 | D:10     | Found Tipuxadae's Food Boutique.
 12810 | D:10     | Reached XP level 11. HP: 47/61 MP: 24/28
 13098 | D:10     | Noticed an unseen horror
 13102 | D:10     | Banished an unseen horror
 13147 | D:10     | Noticed an unseen horror
 13153 | D:10     | Killed an unseen horror
 13158 | D:10     | Reached skill level 10 in Spellcasting
 13158 | D:10     | Offered knowledge of Iron Shot by Vehumet.
 13429 | D:10     | Found a staircase to the Lair.
 13691 | Lair:1   | Entered Level 1 of the Lair of Beasts
 14813 | Lair:1   | Reached skill level 5 in Dodging
 15723 | Lair:1   | Learned a level 6 spell: Iron Shot
 15895 | Lair:2   | Reached skill level 1 in Earth Magic
 16235 | Lair:2   | Noticed an eight-headed hydra
 16587 | Lair:2   | Reached XP level 12. HP: 57/66 MP: 17/30
 17933 | Lair:3   | Noticed a five-headed hydra
 17944 | Lair:3   | Killed a five-headed hydra
 17944 | Lair:3   | Reached skill level 5 in Earth Magic
 17947 | Lair:3   | Offered knowledge of Orb of Destruction by Vehumet.
 17956 | Lair:3   | Learned a level 7 spell: Orb of Destruction
 18117 | Lair:3   | Found a hole to the Spider Nest.
 18239 | Lair:3   | Noticed an eight-headed hydra
 18528 | Lair:3   | Noticed a seven-headed hydra
 18582 | Lair:3   | Killed a seven-headed hydra
 20064 | Lair:4   | Noticed an eight-headed hydra
 20072 | Lair:4   | Killed an eight-headed hydra
 22075 | Lair:4   | Noticed a five-headed hydra
 22077 | Lair:4   | Killed a five-headed hydra
 22092 | Lair:4   | Reached skill level 10 in Conjurations
 22092 | Lair:4   | Reached XP level 13. HP: 54/71 MP: 17/31
 22218 | Lair:4   | Offered knowledge of Ozocubu's Refrigeration by Vehumet.
 22838 | Lair:5   | Reached skill level 11 in Conjurations
 24437 | Lair:6   | Found a staircase to the Shoals.
 24639 | Lair:6   | Offered knowledge of Poison Arrow by Vehumet.
 24859 | Lair:1   | Learned a level 6 spell: Poison Arrow
 24928 | Lair:2   | Killed an eight-headed hydra
 26485 | Lair:7   | Reached skill level 12 in Spellcasting
 27361 | Lair:8   | Entered Level 8 of the Lair of Beasts
 27505 | Lair:8   | Reached XP level 14. HP: 74/76 MP: 25/34
 27902 | Lair:8   | Reached skill level 13 in Spellcasting
 28117 | Lair:8   | Found a staircase to the Slime Pits.
 29151 | Lair:8   | Offered knowledge of Bolt of Cold by Vehumet.
 29170 | Lair:8   | Reached skill level 14 in Spellcasting
 30888 | Lair:1   | Upgraded the game from 0.14-a0-1707-g75daffb to 0.14-a0-1719-ga7e7698
 31012 | D:10     | Bought a bread ration for 56 gold pieces
 31012 | D:10     | Bought a bread ration for 56 gold pieces
 31122 | Orc:1    | Entered Level 1 of the Orcish Mines
 31134 | Orc:1    | Reached skill level 15 in Spellcasting
 31301 | Orc:1    | Found a roughly hewn altar of Beogh.
 31496 | Orc:1    | Found a roughly hewn altar of Beogh.
 31745 | Orc:2    | Reached skill level 1 in Short Blades
 32141 | Orc:2    | Found a bloodstained altar of Trog.
 32565 | Orc:3    | Found Ezuegg's General Store.
 32682 | Orc:3    | Bought a scroll of fog for 24 gold pieces
 32682 | Orc:3    | Bought a scroll of magic mapping for 42 gold pieces
 32683 | Orc:3    | Found a staircase to the Elven Halls.
 33204 | Orc:3    | Offered knowledge of Delayed Fireball by Vehumet.
 33547 | Orc:4    | Entered Level 4 of the Orcish Mines
 33547 | Orc:4    | Noticed Erolcha
 33549 | Orc:4    | Killed Erolcha
 34110 | Orc:4    | Noticed Fannar
 34118 | Orc:4    | Killed Fannar
 34398 | Orc:4    | Reached XP level 15. HP: 58/81 MP: 10/37
 34400 | Orc:4    | Reached skill level 5 in Short Blades
 34584 | Orc:4    | Found Mnugung's Antique Weapon Shoppe.
 34584 | Orc:4    | Found Ceanil's Jewellery Shop.
 34797 | Orc:4    | Bought the ring of Otoug {Wiz rElec rC+ rN+} for 1008 gold pieces
 34797 | Orc:4    | Bought a cursed ring of hunger for 28 gold pieces
 34797 | Orc:4    | Bought a cursed -2 ring of evasion for 28 gold pieces
 34825 | Orc:4    | Offered knowledge of Freezing Cloud by Vehumet.
 34839 | Orc:4    | Learned a level 6 spell: Freezing Cloud
 34839 | Orc:4    | Found a roughly hewn altar of Beogh.
 34847 | Orc:4    | Noticed Nessos
 34853 | Orc:4    | Killed Nessos
 35070 | Orc:4    | Found Jeefav's Magical Wand Shoppe.
 35070 | Orc:4    | Found Vebruj's Antique Weapon Shop.
 35412 | Orc:4    | Bought a wand of hasting (4) for 720 gold pieces
 35821 | D:11     | Noticed Nergalle
 35859 | D:11     | Found a flagged portal.
 35867 | Bailey   | Entered a bailey
 36772 | D:11     | Found a bloodstained altar of Trog.
 36885 | D:11     | Killed Nergalle
 37026 | D:12     | Noticed Psyche
 37029 | D:12     | Killed Psyche
 37677 | D:12     | Found Smaoh's Gadget Shop.
 38142 | D:12     | Found Cuavas' Antique Armour Boutique.
 38173 | D:12     | Offered knowledge of Lehudib's Crystal Spear by Vehumet.
 38173 | D:12     | Offered knowledge of Fire Storm by Vehumet.
 38173 | D:12     | Offered knowledge of Ice Storm by Vehumet.
 38474 | D:12     | Found an iron altar of Okawaru.
 38644 | D:12     | Gained mutation: You are resistant to hostile enchantments. [potion of mutation]
 38644 | D:12     | Lost mutation: You can spit poison. [potion of mutation]
 38644 | D:12     | Gained mutation: Your flesh is cold resistant. [potion of mutation]
 38716 | D:12     | Reached skill level 16 in Spellcasting
 39496 | D:12     | Found Dagroal's General Store.
 39497 | D:12     | Dagroal's General Store was a mimic.
 40036 | Elf:1    | Entered Level 1 of the Elven Halls
 40378 | Elf:1    | Found Jomej's Jewellery Shoppe.
 40385 | Elf:1    | Bought the ring of Grenipej {rPois rN+} for 675 gold pieces
 41046 | Elf:1    | Reached skill level 1 in Shields
 41987 | Elf:2    | Found Weunk's General Store.
 41995 | Elf:2    | Bought a potion of curing for 26 gold pieces
 41995 | Elf:2    | Bought a bread ration for 52 gold pieces
 42074 | Elf:2    | Found Ometim's Book Emporium.
 42507 | Elf:3    | Entered Level 3 of the Elven Halls
 42515 | Elf:3    | Reached skill level 5 in Shields
 42520 | Elf:3    | Noticed Nikola
 42524 | Elf:3    | Killed Nikola
 42524 | Elf:3    | Reached XP level 16. HP: 86/86 MP: 11/38
 42846 | Elf:3    | Noticed Norris
 42850 | Elf:3    | Paralysed by Norris for 5 turns
 42866 | Elf:3    | Killed Norris
 42866 | Elf:3    | Reached skill level 17 in Spellcasting
 43220 | Elf:3    | Found a bloodstained altar of Trog.
 43686 | Elf:3    | Noticed a deep elf sorcerer
 43703 | Elf:3    | Killed a deep elf sorcerer
 43757 | Elf:3    | Noticed a deep elf sorcerer
 43773 | Elf:3    | Killed a deep elf sorcerer
 43817 | Elf:3    | Noticed a deep elf master archer
 43822 | Elf:3    | Killed a deep elf master archer
 43889 | Elf:3    | Noticed a Shadow Fiend
 43901 | Elf:3    | Killed a Shadow Fiend
 44032 | Elf:3    | Killed a deep elf sorcerer
 44080 | Elf:3    | Noticed a deep elf blademaster
 44402 | Elf:3    | Reached skill level 18 in Spellcasting
 44497 | Elf:3    | Noticed a deep elf sorcerer
 44502 | Elf:3    | Banished a deep elf sorcerer
 44615 | Elf:3    | Noticed a deep elf sorcerer
 44617 | Elf:3    | Noticed a deep elf sorcerer
 44620 | Elf:3    | Killed a deep elf sorcerer
 44738 | Elf:3    | Killed a deep elf blademaster
 44742 | Elf:3    | Noticed a deep elf sorcerer
 44751 | Elf:3    | Killed a deep elf sorcerer
 44815 | Elf:3    | Noticed a deep elf sorcerer
 44816 | Elf:3    | Killed a deep elf sorcerer
 44941 | Elf:3    | Noticed an Ice Fiend
 45043 | Elf:3    | Noticed a deep elf master archer
 45050 | Elf:3    | Killed a deep elf master archer
 45219 | Elf:3    | Noticed a deep elf sorcerer
 45224 | Elf:3    | Killed a deep elf sorcerer
 45308 | Elf:3    | Reached skill level 19 in Spellcasting
 45334 | Elf:3    | Reached XP level 17. HP: 90/90 MP: 18/40
 45370 | Elf:3    | Killed a deep elf sorcerer
 45767 | Elf:3    | Got a shimmering golden ring
 46027 | Elf:3    | Noticed a deep elf sorcerer
 46028 | Elf:3    | Killed a deep elf sorcerer
 46349 | Elf:3    | Got a crystal mace
 46448 | Elf:3    | Got a steaming demon trident
 46514 | Elf:3    | Noticed a deep elf master archer
 46522 | Elf:3    | Killed a deep elf master archer
 46764 | Elf:3    | Noticed a deep elf blademaster
 47202 | Elf:3    | Killed a deep elf blademaster
 47501 | Elf:3    | Noticed a deep elf master archer
 47529 | Elf:3    | Killed a deep elf master archer
 47529 | Elf:3    | Reached skill level 20 in Spellcasting
 47893 | Elf:3    | Identified the cursed -1,-2 demon trident of Frymoge {venom, +Inv MR++ Dex-2} (You took it off a deep elf mage on level 3 of the Elven Halls)
 47894 | Elf:3    | Identified the cursed +3,-2 mace "Xisaogidgh" {freeze, rPois rF+ Str-2} (You took it off a deep elf demonologist on level 3 of the Elven Halls)
 47895 | Elf:3    | Identified the ring of the Forgotten Nights {+Fly MR} (You took it off a deep elf fighter on level 3 of the Elven Halls)
 48821 | Lair:1   | Learned a level 6 spell: Bolt of Fire
 48827 | Lair:1   | Learned a level 5 spell: Fireball
 48833 | Lair:1   | Learned a level 5 spell: Ignite Poison
 49032 | Spider:1 | Entered Level 1 of the Spider Nest
 49932 | Spider:2 | Reached skill level 1 in Fire Magic
 50250 | Spider:2 | Noticed Arachne
 50691 | Spider:2 | Killed Arachne
 52282 | Spider:3 | Reached XP level 18. HP: 96/96 MP: 27/42
 52346 | Spider:3 | Noticed Louise
 52349 | Spider:3 | Killed Louise
 52670 | Spider:3 | Reached skill level 5 in Fire Magic
 55377 | Spider:5 | Entered Level 5 of the Spider Nest
 55471 | Spider:5 | Got a pitted crossbow
 56871 | Spider:5 | Reached skill level 10 in Fire Magic
 58066 | Spider:5 | Got a gossamer rune of Zot
 58418 | Lair:1   | Identified the +7,+2 crossbow of Smuzxefe {elec, +Inv rElec} (You found it on level 5 of the Spider Nest)
 58437 | Lair:1   | Learned a level 7 spell: Delayed Fireball
 60336 | D:14     | Found Twuacan's Distillery.
 60341 | D:14     | Bought a potion of strong poison for 34 gold pieces
 60341 | D:14     | Bought a potion of lignification for 51 gold pieces
 60341 | D:14     | Bought 2 potions of curing for 68 gold pieces
 60341 | D:14     | Bought a potion of speed for 93 gold pieces
 60341 | D:14     | Bought a potion of magic for 119 gold pieces
 60341 | D:14     | Bought a potion of brilliance for 42 gold pieces
 61342 | D:14     | Found a deep blue altar of Sif Muna.
 61908 | D:15     | Entered Level 15 of the Dungeon
 62063 | D:15     | Reached XP level 19. HP: 100/100 MP: 20/42
 62596 | D:15     | Noticed Josephine
 62601 | D:15     | Killed Josephine
 63722 | D:15     | Found Affeirag's Jewellery Shoppe.
 64200 | D:15     | Bought an uncursed ring of magical power for 280 gold pieces
 64648 | D:15     | Found a gate to the Vaults.
 64653 | Vaults:1 | Entered Level 1 of the Vaults
 65140 | Vaults:1 | Found a portal to a secret trove of treasure.
 66861 | Vaults:1 | Found Thuf's Food Shop.
 67920 | Vaults:2 | Found Wanaisiu's Assorted Antiques.
 67923 | Vaults:2 | Got a pitted dagger
 67925 | Vaults:2 | Bought a potion of resistance for 252 gold pieces
 67926 | Vaults:2 | Identified the +2,+5 dagger of Ticwi {flame, +Blink +Fly Str+1} (You found it on level 2 of the Vaults)
 67951 | Vaults:2 | Noticed Saint Roka
 67966 | Vaults:2 | Killed Saint Roka
 68127 | Vaults:2 | Noticed Wiglaf
 68278 | Vaults:2 | Found a staircase to the Crypt.
 68313 | Vaults:2 | Reached skill level 15 in Fire Magic
 70535 | Vaults:2 | Learned a level 9 spell: Fire Storm
 70586 | Vaults:2 | Reached XP level 20. HP: 106/106 MP: 36/43
 72330 | Vaults:2 | Gained mutation: You have a fast metabolism. [mutagenic glow]
 73065 | Crypt:1  | Entered Level 1 of the Crypt
 74666 | Crypt:1  | Noticed Boris
 74830 | Crypt:1  | Killed Boris
 76523 | Crypt:2  | Found a magical portal.
 76534 | WizLab   | Entered a wizard's laboratory
 77238 | WizLab   | Reached skill level 15 in Conjurations
 77776 | WizLab   | Identified the Grimoire of Weightlessness and Confrontation
 77787 | WizLab   | Identified the Grimoire of the Excruciating Birds
 78210 | Crypt:2  | Noticed Margery
 79810 | Crypt:2  | Killed Margery
 80482 | Crypt:2  | Reached XP level 21. HP: 110/110 MP: 35/43
 81810 | Crypt:3  | Paralysed by a sphinx for 5 turns
 82747 | Crypt:3  | Found a staircase to the Tomb.
 85853 | Vaults:1 | Bought a bread ration for 56 gold pieces
 85853 | Vaults:1 | Bought a bread ration for 56 gold pieces
 85853 | Vaults:1 | Bought a bread ration for 56 gold pieces
 85853 | Vaults:1 | Bought a meat ration for 56 gold pieces
 85853 | Vaults:1 | Bought a bread ration for 56 gold pieces
 85853 | Vaults:1 | Bought a meat ration for 56 gold pieces
 85853 | Vaults:1 | Bought a bread ration for 56 gold pieces
 86909 | Crypt:5  | Entered Level 5 of the Crypt
 87331 | Crypt:5  | Reached XP level 22. HP: 116/116 MP: 39/44
 89755 | Crypt:5  | Identified the Almanac of Changing
 90666 | Crypt:5  | Found an ancient bone altar of Kikubaaqudgha.
 90801 | Crypt:5  | Noticed an ancient lich
 91235 | Crypt:5  | Killed an ancient lich
 91664 | Vaults:3 | Reached skill level 1 in Fighting
 92706 | Vaults:3 | HP: 3/127 [glowing dwarven dire flail (23)]
 92707 | Vaults:3 | Mangled by a dwarven dire flail of holy wrath

Action                   |  1- 3 |  4- 6 |  7- 9 | 10-12 | 13-15 | 16-18 | 19-21 | 22-24 || total
-------------------------+-------+-------+-------+-------+-------+-------+-------+-------++-------
Melee: Dagger            |    32 |    82 |   230 |   820 |   841 |    26 |       |       ||  2031
       Staff             |       |       |       |       |       |   161 |   120 |     2 ||   283
       Short sword       |       |       |       |       |       |       |    30 |       ||    30
       Quick blade       |       |       |       |       |       |       |     6 |    18 ||    24
 Cast: Sting             |    24 |   126 |   119 |    59 |       |       |       |       ||   328
       Mephitic Cloud    |       |     1 |     8 |     4 |       |     2 |       |       ||    15
       Shock             |       |       |    17 |    58 |       |       |       |       ||    75
       Blink             |       |       |     5 |     6 |     9 |     1 |     6 |       ||    27
       Repel Missiles    |       |       |     3 |       |     4 |     9 |     6 |     2 ||    24
       Cure Poison       |       |       |     2 |    13 |     1 |     3 |       |       ||    19
       Venom Bolt        |       |       |       |    94 |   127 |    18 |       |       ||   239
       Iron Shot         |       |       |       |    29 |   119 |    55 |   236 |    95 ||   534
       Poison Arrow      |       |       |       |       |   180 |   438 |   236 |     5 ||   859
       Orb of Destructio |       |       |       |       |     1 |     1 |    10 |       ||    12
       Freezing Cloud    |       |       |       |       |    11 |    35 |    30 |       ||    76
       Ignite Poison     |       |       |       |       |       |    49 |       |       ||    49
       Bolt of Fire      |       |       |       |       |       |     9 |   405 |   108 ||   522
       Delayed Fireball  |       |       |       |       |       |     1 |     3 |       ||     4
       Fire Storm        |       |       |       |       |       |       |     5 |    12 ||    17
 Abil: Release Delayed F |       |       |       |       |       |       |     4 |       ||     4
Evoke: Wand              |       |     1 |     2 |     5 |     7 |    13 |     3 |     1 ||    32
  Use: Scroll            |       |       |    22 |    10 |    16 |    22 |    22 |     1 ||    93
       Potion            |       |       |     1 |     5 |     3 |     1 |    10 |     2 ||    22
 Stab: Sleeping          |     2 |     4 |    13 |    25 |    22 |     1 |       |       ||    67
       Distracted        |       |     1 |       |     2 |     4 |       |       |       ||     7
       Paralysed         |       |       |       |       |     3 |       |       |       ||     3
